cohdb
Replays
Latest Replays
All Replays
Popular Replays
Top Player Replays
Match Explorer
How It Works
Community
CoH3 Stats
Reddit
Sign in to upload your games and track your stats! →
Sign in with Steam
Match 45716797
Unlisted
Match 45716797
Overview
Messages
Build Orders
End
Construct Section Command Post
Selects Air and Sea Battlegroup
Dingo Light Scout Car
Dingo Light Scout Car
ML 3-inch Mortar Team
Construct Platoon Command Post
Unlock M3 Stuart Light Tanks
Selects Supply Surplus
Construct Resource Cache
Construct Resource Cache
Construct Resource Cache
Selects UNKNOWN (223837)
M3 Stuart Light Tank
M3 Stuart Light Tank
M3 Stuart Light Tank
M3 Stuart Light Tank
Unlock Bishop Self-propelled Artillery
Jm200092
AUS Potato
Holobunga
Recran
0
0
Comments
sign in to comment!
No comments posted yet!